 Dungeon Crawl Stone Soup version 0.22.1-1-ga44c0e5 (webtiles) character file.

2032 Fang the Cleaver (level 9, -2/56 HPs)
             Began as a Gargoyle Berserker on Sept 20, 2018.
             Was an Elder of Trog.
             Splashed by Maurice's acid (15 damage)
             ... on level 8 of the Dungeon.
             The game lasted 00:11:44 (8917 turns).

Fang the Cleaver (Gargoyle Berserker)               Turns: 8917, Time: 00:11:46

Health: -2/56      AC:  8    Str: 27    XL:     9   Next: 24%
Magic:  8/8        EV: 14    Int:  7    God:    Trog [****..]
Gold:   381        SH:  0    Dex: 13    Spells: 8/8 levels left

rFire    . . .     SeeInvis .   a - +4 hand axe
rCold    . . .     Gourm    .   (no shield)
rNeg     + . .     Faith    .   b - +0 animal skin
rPois    ∞         Spirit   .   (no helmet)
rElec    +         Reflect  .   u - +1 cloak {rPois}
rCorr    .         Harm     .   (no gloves)
MR       .....                  (no boots)
Stlth    ++........             o - amulet of inaccuracy (curse)
HPRegen  0.18/turn              v - +4 ring of dexterity
MPRegen  0.11/turn              y - -2 ring of protection (curse)

@: no status effects
A: low mp 1, negative energy resistance 1, electricity resistance, strong 1,
unbreathing, petrification resistance, rot immunity, AC +6
a: Berserk, Trog's Hand, Brothers in Arms, Renounce Religion


You were on level 8 of the Dungeon.
You worshipped Trog.
Trog was greatly pleased with you.
You were near starving.

You visited 2 branches of the dungeon, and saw 9 of its levels.

You collected 381 gold pieces.

Inventory:

Hand Weapons
 a - a +4 hand axe (weapon)
Armour
 b - a +0 animal skin (worn)
 u - a +1 cloak of poison resistance (worn)
Jewellery
 o - a cursed amulet of inaccuracy (around neck)
 v - a +4 ring of dexterity (left hand)
 y - a cursed -2 ring of protection (right hand)
 z - an uncursed ring of see invisible
Wands
 r - a wand of iceblast (8)
Scrolls
 e - 3 scrolls of teleportation
Potions
 d - a potion of berserk rage
 g - 2 potions of lignification
 k - 2 potions of haste
 m - a potion of magic
 p - a potion of resistance
 q - a potion of curing
 w - a potion of agility {unknown}
 A - a potion of might
Comestibles
 c - 14 rations


   Skills:
 + Level 6.4 Fighting
 + Level 8.0 Axes
 + Level 2.3 Armour
 + Level 5.0 Dodging
 + Level 4.0 Stealth


You had 8 spell levels left.
You didn't know any spells.
Your spell library was empty.

Dungeon Overview and Level Annotations

Branches:
Dungeon (8/15)             Temple (1/1) D:7
   Lair: D:8-11

Altars:
Ashenzari
Dithmenos
Fedhas
Kikubaaqudgha
Makhleb
Qazlal
Ru
Trog

Shops:
D:4 ?

Annotations:
D:8 Maurice


Innate Abilities, Weirdness & Mutations

You are resistant to torment.
Your stone body is resilient. (AC +6)
You are immune to poison.
You resist negative energy. (rN+)
You are resistant to electric shocks. (rElec)
You can survive without breathing.
You are immune to petrification.
You are immune to rotting.
Your magical capacity is low. (-10% MP)
Your muscles are strong. (Str +2)


Message History

You barely miss the crimson imp. The crimson imp misses you.
Maurice mumbles some strange words.
Maurice flickers and vanishes!
You hit the crimson imp.
The crimson imp is lightly wounded.
You completely miss something. The crimson imp misses you. Something hits you.
Something steals 1 of your 4 scrolls of teleportation!
You miss the crimson imp. You hit something but do no damage.
The crimson imp hits you but does no damage.
You hear a zap.
A bolt of acid appears from out of thin air!
The bolt of acid hits you!
You are splashed with acid!
The acid burns!
You barely miss the crimson imp. You slash something!
The crimson imp closely misses you.
You hear a zap.
A bolt of acid appears from out of thin air!
The bolt of acid hits you!
* * * LOW HITPOINT WARNING * * *
You are splashed with acid!
The acid burns!
You die...

#. .#. .. #.###
##.#.. #..?.# ##
#....# ...
####..{@### ..#
#.....5[..#####...#
#..........#......#
#............#....#
####...#####....#
...... ##.#.#
###... .# # #### .#
.#


You could see a crimson imp.

Vanquished Creatures
  3 ice beasts
  A necrophage (D:6)
  An ogre (D:4)
  A sky beast (D:7)
  2 centaurs
  2 big kobolds
  A bullfrog (D:6)
  A howler monkey (D:4)
  A jelly (D:7)
  Crazy Yiuf (D:4)
  A bullfrog skeleton (D:8)
  3 orc priests
  A centaur skeleton (D:7)
  3 hounds
  3 iguanas
  10 orc wizards
  Natasha (thrice) (D:2)
  4 worker ants
  A hound skeleton (D:7)
  A worker ant zombie (D:5)
  11 adders
  3 oozes
  An adder skeleton (D:6)
  3 worms
  2 dart slugs
  8 leopard geckos
  15 orcs
  5 giant cockroaches
  8 hobgoblins
  16 jackals
  3 quokkas
  A ball python (D:1)
  A ball python skeleton (D:4)
  11 bats
  6 frilled lizards
  2 goblins
  11 kobolds
  A leopard gecko zombie (D:5)
  A quokka skeleton (D:4)
  A quokka zombie (D:6)
  9 rats
163 creatures vanquished.

Vanquished Creatures (others)
  A human (D:2)
  An orc (D:4)
2 creatures vanquished.

Grand Total: 165 creatures vanquished

Notes
Turn   | Place    | Note
-------+----------+-------------------------------------------
     0 | D:1      | Fang the Gargoyle Berserker began the quest for the Orb.
     0 | D:1      | Reached XP level 1. HP: 14/14 MP: 1/1
    27 | D:1      | Reached XP level 2. HP: 17/19 MP: 2/2
    72 | D:1      | Reached skill level 3 in Axes
   452 | D:1      | Reached XP level 3. HP: 24/24 MP: 3/3
   564 | D:1      | Reached ** piety under Trog
  1088 | D:2      | Reached XP level 4. HP: 13/29 MP: 4/4
  1427 | D:2      | Found an ancient bone altar of Kikubaaqudgha.
  1429 | D:2      | Noticed a human
  1431 | D:2      | Killed a human
  1522 | D:2      | Noticed Natasha
  1535 | D:2      | Killed Natasha
  1556 | D:2      | Reached XP level 5. HP: 12/33 MP: 5/5
  1631 | D:2      | Noticed Natasha
  1642 | D:2      | Killed Natasha
  1642 | D:2      | Reached skill level 4 in Axes
  1642 | D:2      | Reached skill level 1 in Stealth
  2134 | D:2      | Noticed Natasha
  2138 | D:2      | Killed Natasha
  2424 | D:3      | Found a sacrificial altar of Ru.
  2614 | D:3      | Found a shattered altar of Ashenzari.
  2701 | D:3      | Found a blossoming altar of Fedhas.
  2813 | D:4      | Reached XP level 6. HP: 27/39 MP: 6/6
  3021 | D:4      | Reached *** piety under Trog
  3329 | D:4      | Reached skill level 5 in Axes
  3333 | D:4      | HP: 1/58 [orc wizard/magic dart (9)]
  3827 | D:4      | Reached XP level 7. HP: 27/44 MP: 7/7
  3847 | D:4      | Found Kebaitzy's Magic Scroll Emporium.
  4227 | D:4      | Found a runed door.
  5275 | D:4      | Noticed Crazy Yiuf
  5283 | D:4      | Killed Crazy Yiuf
  5283 | D:4      | Reached skill level 5 in Fighting
  5513 | D:5      | Entered Level 5 of the Dungeon
  5599 | D:5      | Reached skill level 6 in Axes
  5628 | D:5      | Found a stormy altar of Qazlal.
  5826 | D:5      | Reached XP level 8. HP: 42/49 MP: 8/8
  6655 | D:6      | Reached **** piety under Trog
  7204 | D:6      | Reached skill level 7 in Axes
  7473 | D:6      | Found a burning altar of Makhleb.
  8142 | D:7      | Found a shadowy altar of Dithmenos.
  8184 | D:7      | Gained mutation: Your magical capacity is low. (-10% MP)
                  | [potion of mutation]
  8184 | D:7      | Gained mutation: Your muscles are strong. (Str +2) [potion
                  | of mutation]
  8219 | D:7      | Reached XP level 9. HP: 55/55 MP: 8/8
  8351 | D:7      | Found a bloodstained altar of Trog.
  8502 | D:7      | Found a staircase to the Ecumenical Temple.
  8561 | Temple   | Entered the Ecumenical Temple
  8769 | D:8      | Noticed Maurice
  8773 | D:8      | Reached skill level 8 in Axes
  8773 | D:8      | Reached skill level 5 in Dodging
  8917 | D:8      | Splashed by Maurice's acid

Skill      XL: |  1  2  3  4  5  6  7  8  9 |
---------------+----------------------------+-----
Axes           | 3 4 5 6 7 8 |  8.0
Dodging        | 2 3 4 5 |  5.0
Fighting       | 4 5 6 |  6.4
Stealth        | 1 2 3 4 |  4.0
Armour         | |  2.3

Action                   |  1- 3 |  4- 6 |  7- 9 || total
-------------------------+-------+-------+-------++-------
Melee: Hand axe          |   126 |   235 |   358 ||   719
Invok: Berserk           |     1 |     6 |     6 ||    13
  Use: Scroll            |       |       |    19 ||    19
       Potion            |       |       |     1 ||     1
 Stab: Sleeping          |     1 |     3 |     3 ||     7
       Distracted        |       |       |     2 ||     2
  Eat: Chunk             |     1 |    13 |    19 ||    33
       Ration            |       |       |     1 ||     1
Armor: Animal skin       |    54 |    63 |   114 ||   231
Dodge: Dodged            |    99 |   134 |   240 ||   473
